 Dungeon Crawl Stone Soup version 0.24-a0-378-g94936e539c (webtiles) character file.

Game seed: 3534940258265829157

23 theanonym the Poker (level 2, 0/22 HPs)
             Began as a Mummy Warper on June 1, 2019.
             Slain by an adder (4 damage)
             ... on level 1 of the Dungeon.
             The game lasted 00:01:11 (959 turns).

theanonym the Poker (Mummy Warper)                   Turns: 959, Time: 00:01:12

Health: 0/22       AC:  3    Str: 14    XL:     2   Next: 72%
Magic:  5/5        EV: 11    Int: 12    God:
Gold:   34         SH:  0    Dex: 11    Spells: 6/6 levels left

rFire    x . .     SeeInvis .   g - -1 spear (curse)
rCold    + . .     Gourm    .   (no shield)
rNeg     + + +     Faith    .   b - +0 leather armour
rPois    ∞         Spirit   .   (no helmet)
rElec    .         Reflect  .   (no cloak)
rCorr    .         Harm     .   (no gloves)
MR       .....                  (no boots)
Stlth    +.........             (no amulet)
HPRegen  0.07/turn              (no ring)
MPRegen  0.09/turn              (no ring)

@: no status effects
A: no food or potions, fire vulnerability, cold resistance 1, negative energy
resistance 3, torment resistance, unbreathing
a: no special abilities


Innate Abilities, Weirdness & Mutations

You do not eat or drink.
Your flesh is vulnerable to fire.
You are immune to poison.
Your flesh is cold resistant. (rC+)
You are immune to negative energy. (rN+++)
You are immune to unholy pain and torment.
You can survive without breathing.


   Skills:
 - Level 2.0 Fighting
 + Level 2.7 Polearms
 - Level 0.7 Throwing
 - Level 0.7 Armour
 - Level 1.5 Dodging
 - Level 2.6 Spellcasting
   Level 2.4 Translocations


You had 6 spell levels left.
You didn't know any spells.
Your spell library contained the following spells:

 Spells                   Type           Power        Failure   Level  Hunger
 Blink                    Tloc           N/A          19%         2    N/A
 Shroud of Golubria       Chrm/Tloc      #.........   30%         2    N/A
 Gell's Gravitas          Tloc           #.........   34%         3    N/A
 Lesser Beckoning         Tloc           #.........   34%         3    N/A
 Teleport Other           Tloc           #.......     34%         3    N/A
 Passage of Golubria      Tloc           N/A          75%         4    N/A

Skill      XL: |  1 |
---------------+----+-----
Polearms       | 2 |  2.7
Fighting       | |  2.0
Throwing       | |  0.7
Armour         | |  0.7
Dodging        | |  1.5
Spellcasting   | |  2.6
Translocations | |  2.4

Action                   || total
-------------------------++-------
Melee: Spear             ||    81
Throw: Boomerang         ||     1
  Use: Scroll            ||     2
Armor: Leather armour    ||    32
Dodge: Dodged            ||    49

Inventory:

Hand Weapons
 a - a +0 spear
 g - a cursed -1 spear (weapon)
Missiles
 c - 16 poisoned darts
 e - 4 boomerangs of dispersal (quivered)
Armour
 b - a +0 leather armour (worn)
 d - a +0 helmet
 f - a +1 helmet
Scrolls
 B - a scroll of blinking


You were on level 1 of the Dungeon.
You were not hungry.

You visited 1 branch of the dungeon, and saw 2 of its levels.

You collected 34 gold pieces.

Dungeon Overview and Level Annotations

Branches:
Dungeon (2/15)

Altars:

Annotations:
D:2 Terence

#.####.# #.#.#
#.# #.# #.# #.#.#
#.# #.#
#.#######.#.###.#
#.#
#...............#
#.#
####.####...#####
# #.# #.# ##...#
# #.# #.#
###...### # #.#
#g###..[....# #
#.# #.@S.....!(.#
# #.#
#####.......# #
#.# ###...#.# #
#.# #...#.# #.#
##.##.# #.#####
#.##.# #.....#
#.##.#### #####.#
#.##....# #.#
##.#####.###


You could see an adder and a hobgoblin.

Notes
Turn   | Place    | Note
-------+----------+-------------------------------------------
     0 | D:1      | theanonym the Mummy Warper began the quest for the Orb.
     0 | D:1      | Reached XP level 1. HP: 16/16 MP: 4/4
   124 | D:1      | Reached skill level 2 in Polearms
   227 | D:1      | Reached XP level 2. HP: 22/22 MP: 5/5
   343 | D:1      | HP: 11/22 [dart slug/slug dart (6)]
   350 | D:1      | HP: 10/22 [bat (1)]
   355 | D:1      | HP: 9/22 [bat (1)]
   362 | D:1      | HP: 7/22 [kobold (3)]
   943 | D:2      | Noticed Terence
   956 | D:1      | HP: 9/22 [hobgoblin/+0 club (3)]
   958 | D:1      | HP: 4/22 [hobgoblin/+0 club (1)]
   959 | D:1      | Slain by an adder

Vanquished Creatures
  2 dart slugs (D:1)
  4 bats (D:1)
  A giant cockroach (D:1)
  3 goblins (D:1)
  A hobgoblin (D:1)
  A frilled lizard (D:1)
  3 kobolds (D:1)
  4 rats (D:1)
19 creatures vanquished.

Table legend:
 A = Turns spent in this place as a percentage of turns spent in the entire game.
 B = Non-inter-level travel turns spent in this place as a percentage of non-inter-level travel turns spent in the entire game.
 C = Inter-level travel turns spent in this place as a percentage of turns spent in this place.
 D = Turns resting spent in this place as a percentage of non-inter-level travel turns spent in this place.
 E = Turns spent auto-exploring this place as a percentage of non-inter-level travel turns spent in this place.
 F = Non-inter-level travel turns spent in this place divided by the number of levels of this place that you've seen.
                   A       B       C       D       E      F
               +-------+-------+-------+-------+-------+----------------------
         Total | 100.0 | 100.0 |  12.4 |  25.0 |  57.5 | 420.0
       Dungeon | 100.0 | 100.0 |  12.4 |  25.0 |  57.5 | 420.0
               +-------+-------+-------+-------+-------+----------------------
